 Dungeon Sprint DCSS version 0.27-a0-156-gbcd94eb011 (webtiles) character file.

Game seed: 8971750319350592347

14685 mhtbhm the Brawler (level 12, -14/97 HPs)
             Began as an Octopode Transmuter on Jan 28, 2021.
             Was the Champion of Sif Muna.
             Demolished by an orc
             ... wielding a +1 hand axe of electrocution
              (16 damage)
             ... in the Dungeon (Sprint IX: "|||||||||||||||||||||||||||||").
             The game lasted 00:08:14 (4042 turns).

mhtbhm the Brawler (Octopode Transmuter)            Turns: 4042, Time: 00:08:14

Health: -14/97     AC:  9    Str: 14    XL:     12   Next: 19%
Magic:  27/27      EV: 16    Int: 16    God:    Sif Muna [******]
Gold:   1659       SH:  0    Dex: 12    Spells: 0/34 levels left

rFire    x . .     SeeInvis .     - Unarmed
rCold    + + +     Faith    .   (shield currently unavailable)
rNeg     . . .     Spirit   .   (helmet currently unavailable)
rPois    +         Reflect  .   (no amulet)
rElec    .         Harm     .   k - +2 ring of evasion
rCorr    .         Rampage  .   l - +2 ring of protection
Will     .....     NoTele   +   (no ring)
Stlth    ++++......             (no ring)
HPRegen  0.26/turn              (no ring)
MPRegen  0.20/turn              (no ring)
                                (no ring)
                                (no ring)

@: ice-form, berserk cooldown, hasted and slowed
A: large, almost no armour, stealthy swim, amphibious, 8 rings, (constrict 8)
a: End Transformation, Renounce Religion, Channel Magic, Forget Spell, Divine
Exegesis


You were in the Dungeon.
You worshipped Sif Muna.
Sif Muna was exalted by your worship.
You were a creature of crystalline ice.
You visited 1 branch You collected 1659 gold pieces.

Inventory:

Jewellery
 k - a +2 ring of evasion (left front paw)
 l - a +2 ring of protection (right front paw)
Scrolls
 c - 2 scrolls of identify
 g - a scroll of blinking
 h - 3 scrolls of remove curse
 i - 2 scrolls of amnesia
 m - 2 scrolls of enchant weapon
 n - 2 scrolls of enchant armour
 o - 2 scrolls of fog
Potions
 a - 2 potions of mutation
 e - 4 potions of magic


   Skills:
 + Level 7.0 Fighting
 + Level 9.1 Dodging
 - Level 9.2 Stealth
 + Level 19.3 Unarmed Combat
 + Level 11.8 Spellcasting
 + Level 11.3 Transmutations
 + Level 6.6 Ice Magic
 + Level 1.1 Poison Magic
 + Level 5.4 Evocations


You couldn't memorise any spells.
You knew the following spells:

 Your Spells              Type           Power        Failure   Level
a - Beastly Appendage     Tmut           90%          1%          1
b - Wereblood             Tmut           45%          1%          2
c - Spider Form           Tmut/Pois      14%          1%          3
d - Ice Form              Ice/Tmut       38%          1%          4
e - Blade Hands           Tmut           22%          1%          5
f - Dragon Form           Tmut           22%          52%         7
g - Hydra Form            Tmut           22%          11%         6
h - Statue Form           Tmut/Erth      18%          75%         6

Your spell library contained the following spells:

 Spells                   Type           Power        Failure   Level
 Passwall                 Tmut/Erth      22%          1%          2
 Ignite Poison            Fire/Tmut/Pois 22%          4%          3
 Foxfire                  Conj/Fire      36%          8%          1
 Sandblast                Erth           18%          8%          1
 Summon Small Mammal      Summ           36%          8%          1
 Petrify                  Tmut/Erth      27%          8%          4
 Call Imp                 Summ           9%           12%         2
 Sublimation of Blood     Necr           4%           12%         2
 Alistair's Intoxication  Tmut/Pois      19%          16%         5
 Mephitic Cloud           Conj/Pois/Air  10%          19%         3
 Summon Ice Beast         Ice/Summ       20%          19%         4
 Irradiate                Conj/Tmut      13%          21%         5
 Call Canine Familiar     Summ           9%           22%         3
 Lesser Beckoning         Tloc           4%           22%         3
 Stone Arrow              Conj/Erth      18%          22%         3
 Summon Guardian Golem    Hex/Summ       9%           22%         3
 Summon Lightning Spire   Summ/Air       9%           58%         4
 Eringya's Noxious Bog    Tmut/Pois      14%          65%         6
 Lee's Rapid Deconstruct  Erth           4%           91%         5
 Malign Gateway           Summ/Tloc      4%           100%        7
 Necromutation            Tmut/Necr      13%          100%        8


Dungeon Overview and Level Annotations

Branches:
Dungeon (1/1)

Altars:
Cheibriados
Dithmenos
Elyvilon
Fedhas
Gozag
Hepliaklqana
Kikubaaqudgha
Makhleb
Nemelex Xobeh
Okawaru
Qazlal
Ru
Sif Muna
Trog
Uskayaw
Vehumet
Wu Jian
Xom
Yredelemnul
Zin
The Shining One
Beogh
Jiyva
Lugonu

Shops:
D !!:(


Innate Abilities, Weirdness & Mutations

You cannot wear most types of armour.
You are very stealthy in the water. (Stealth+)
You are amphibious.
You can wear up to eight rings at the same time.
((You can use your tentacles to constrict eight enemies at once.))
((Your skin changes colour to match your surroundings (Stealth+).))
((Your rubbery body absorbs attacks. (AC +1, EV +1)))


Message History

The orc knight is moderately wounded.
You pummel the orc knight!! You freeze the orc knight!
The orc knight is almost dead.
The orc knight misses you.
Unknown command.
You pummel the orc knight!! You freeze the orc knight.
You kill the orc knight!
Sif Muna accepts your kill.
You hit the orc. You freeze the orc.
The orc is severely wounded.
You hit the orc but do no damage.
The orc is severely wounded.
The orc hits you with a +1 hand axe of electrocution.
* * * LOW HITPOINT WARNING * * *
You completely miss the orc.
The orc is severely wounded.
The orc hits you with a +1 hand axe of electrocution.
* * * LOW HITPOINT WARNING * * *
You are electrocuted!
You die...

▓.▓.▓'▓.▓$▓
▓)▓.▓.▓.▓$▓
▓)▓.▓(▓.▓∩▓
▓†▓.▓(▓.▓.▓
▓.▓.▓.▓.▓∩▓
▓.▓)▓.▓.▓:▓
▓[▓.▓.▓.▓∩▓
▓[▓.▓.▓.▓o▓
▓[▓.▓.▓.▓Y▓
▓.▓.▓.▓.▓)▓
▓)▓.▓.▓.▓)▓
▓.▓.▓.▓.▓)▓
▓.▓.▓.▓.▓)▓
▓'▓.▓'▓.▓)▓
▓_▓.▓.▓.▓'▓
▓_▓.▓.▓.▓.▓
▓_▓.▓.▓)▓.▓


You could see an orc.

Vanquished Creatures
  An ettin (D)
  2 hydras (D)
  A centaur warrior (D)
  An orc high priest (D)
  A skeletal warrior (D)
  3 lindwurms (D)
  6 orc knights (D)
  4 orc sorcerers (D)
  2 cane toads (D)
  A rime drake (D)
  4 komodo dragons (D)
  2 polar bears (D)
  A slime creature (D)
  4 tyrant leeches (D)
  2 blink frogs (D)
  A wraith (D)
  A basilisk (D)
  A water moccasin (D)
  6 orc warriors (D)
  A sky beast (D)
  2 wolves (D)
  A centaur (D)
  A bullfrog (D)
  A scorpion (D)
  6 orc priests (D)
  2 orc wizards (D)
  An adder (D)
  A white imp (D)
  A worm (D)
  A dart slug (D)
  A leopard gecko (D)
  14 orcs (D)
  A bat skeleton (D)
  A bat zombie (D)
  A jackal (D)
  A ball python (D)
  A bat (D)
  A frilled lizard (D)
  A rat (D)
84 creatures vanquished.

Vanquished Creatures (others)
  An orc warrior (D)
1 creature vanquished.

Grand Total: 85 creatures vanquished

Notes
Turn   | Place    | Note
-------+----------+-------------------------------------------
     0 | D        | mhtbhm the Octopode Transmuter began the quest for the Orb.
     0 | D        | Reached XP level 1. HP: 13/13 MP: 3/3
    16 | D        | Reached skill level 4 in Unarmed Combat
    16 | D        | Reached XP level 2. HP: 11/18 MP: 5/5
   222 | D        | Learned a level 2 spell: Wereblood
   224 | D        | Noticed a scorpion
   236 | D        | Killed a scorpion
   237 | D        | Reached skill level 1 in Stealth
   237 | D        | Reached skill level 6 in Unarmed Combat
   237 | D        | Reached XP level 3. HP: 6/23 MP: 4/8
   237 | D        | Reached XP level 4. HP: 7/28 MP: 4/9
   245 | D        | Found a roughly hewn altar of Beogh.
   245 | D        | Found a snail-covered altar of Cheibriados.
   245 | D        | Found a shadowy altar of Dithmenos.
   245 | D        | Found a white marble altar of Elyvilon.
   245 | D        | Found a blossoming altar of Fedhas.
   245 | D        | Found an opulent altar of Gozag.
   246 | D        | Found a hazy altar of Hepliaklqana.
   247 | D        | Found a viscous altar of Jiyva.
   248 | D        | Found an ancient bone altar of Kikubaaqudgha.
   249 | D        | Found a corrupted altar of Lugonu.
   250 | D        | Found a burning altar of Makhleb.
   251 | D        | Found a sparkling altar of Nemelex Xobeh.
   252 | D        | Found an iron altar of Okawaru.
   253 | D        | Found a stormy altar of Qazlal.
   254 | D        | Found a sacrificial altar of Ru.
   255 | D        | Found a shimmering blue altar of Sif Muna.
   256 | D        | Found a bloodstained altar of Trog.
   257 | D        | Found a hide-covered altar of Uskayaw.
   258 | D        | Found a radiant altar of Vehumet.
   259 | D        | Found an ornate altar of the Wu Jian Council.
   260 | D        | Found a shimmering altar of Xom.
   261 | D        | Found a basalt altar of Yredelemnul.
   262 | D        | Found a glowing silver altar of Zin.
   263 | D        | Became a worshipper of Sif Muna the Loreminder
   264 | D        | Found a glowing golden altar of the Shining One.
   465 | D        | Learned a level 3 spell: Spider Form
   470 | D        | Learned a level 4 spell: Ice Form
   775 | D        | Noticed a centaur
   775 | D        | Noticed a sky beast
   778 | D        | Killed a sky beast
   779 | D        | Reached skill level 7 in Unarmed Combat
   779 | D        | Reached XP level 5. HP: 34/34 MP: 3/12
   782 | D        | Killed a centaur
   782 | D        | Reached * piety under Sif Muna
   783 | D        | Reached skill level 8 in Unarmed Combat
   783 | D        | Reached skill level 5 in Spellcasting
   783 | D        | Reached XP level 6. HP: 41/41 MP: 4/14
   786 | D        | Reached ** piety under Sif Muna
   834 | D        | Learned a level 5 spell: Blade Hands
   841 | D        | Noticed a wraith
   841 | D        | Noticed an orc warrior
   841 | D        | Noticed a centaur warrior
   841 | D        | Noticed an orc warrior
   841 | D        | Noticed a slime creature
   841 | D        | Noticed a skeletal warrior
   853 | D        | Killed a skeletal warrior
   854 | D        | Reached skill level 5 in Dodging
   854 | D        | Reached skill level 11 in Unarmed Combat
   854 | D        | Reached XP level 7. HP: 29/48 MP: 7/17
   859 | D        | Killed a slime creature
   860 | D        | Reached skill level 5 in Stealth
   860 | D        | Reached XP level 8. HP: 9/54 MP: 8/19
   871 | D        | Killed a centaur warrior
   872 | D        | Reached skill level 13 in Unarmed Combat
   872 | D        | Reached XP level 9. HP: 5/60 MP: 10/21
   876 | D        | Reached *** piety under Sif Muna
   879 | D        | Reached skill level 5 in Fighting
  1257 | D        | Noticed a komodo dragon
  1257 | D        | Noticed a komodo dragon
  1257 | D        | Noticed a komodo dragon
  1257 | D        | Noticed a five-headed hydra
  1259 | D        | Noticed a cane toad
  1263 | D        | Killed a five-headed hydra
  1264 | D        | Reached skill level 14 in Unarmed Combat
  1266 | D        | Noticed a polar bear
  1269 | D        | Killed a komodo dragon
  1269 | D        | Reached **** piety under Sif Muna
  1273 | D        | Killed a komodo dragon
  1274 | D        | Reached skill level 1 in Poison Magic
  1274 | D        | Reached XP level 10. HP: 68/68 MP: 17/23
  1276 | D        | Reached skill level 15 in Unarmed Combat
  1279 | D        | Killed a cane toad
  1282 | D        | Reached ***** piety under Sif Muna
  1500 | D        | Noticed a cane toad
  1502 | D        | Identified Sif Muna's Catalogue of the Cankerous Voyage
                  | (Sif Muna gifted it to you in the Dungeon)
  1502 | D        | Received a gift from Sif Muna
  1507 | D        | Noticed a five-headed hydra
  1513 | D        | Reached skill level 16 in Unarmed Combat
  1517 | D        | Killed a cane toad
  1891 | D        | Reached skill level 10 in Spellcasting
  1895 | D        | Killed a five-headed hydra
  1895 | D        | Received a gift from Sif Muna
  1952 | D        | Noticed a lindwurm
  1952 | D        | Noticed a lindwurm
  2004 | D        | Noticed a lindwurm
  2006 | D        | Killed a lindwurm
  2007 | D        | Reached skill level 17 in Unarmed Combat
  2007 | D        | Reached XP level 11. HP: 72/72 MP: 13/25
  2010 | D        | Killed a lindwurm
  2013 | D        | Reached skill level 5 in Ice Magic
  2021 | D        | Reached skill level 10 in Transmutations
  2025 | D        | Killed a lindwurm
  2028 | D        | Received a gift from Sif Muna
  2225 | D        | Noticed an orc knight
  2225 | D        | Noticed an orc knight
  2225 | D        | Noticed an orc knight
  2231 | D        | Killed an orc knight
  2235 | D        | Killed an orc knight
  2440 | D        | Killed an orc knight
  2728 | D        | Reached skill level 18 in Unarmed Combat
  2754 | D        | Received a gift from Sif Muna
  2803 | D        | Reached ****** piety under Sif Muna
  2857 | D        | Noticed an orc sorcerer
  2857 | D        | Noticed an ettin
  2858 | D        | Noticed an orc knight
  3022 | D        | Killed an ettin
  3190 | D        | Killed an orc sorcerer
  3190 | D        | Identified Sif Muna's Almanac of Flames and Changing (Sif
                  | Muna gifted it to you in the Dungeon)
  3190 | D        | Received a gift from Sif Muna
  3571 | D        | Killed an orc knight
  3572 | D        | Reached skill level 5 in Evocations
  3679 | D        | Found Peargh's Antique Weapon Boutique.
  3679 | D        | Noticed an orc sorcerer
  3679 | D        | Noticed an orc knight
  3680 | D        | Noticed an orc sorcerer
  3681 | D        | Identified Sif Muna's Reference Book on Transmutation (Sif
                  | Muna gifted it to you in the Dungeon)
  3681 | D        | Received a gift from Sif Muna
  3687 | D        | Killed an orc knight
  3688 | D        | Found Naovodd's Book Shop.
  3690 | D        | Killed an orc sorcerer
  3691 | D        | Reached XP level 12. HP: 67/80 MP: 24/27
  3695 | D        | Found Canofryl's Distillery.
  3721 | D        | Learned a level 7 spell: Dragon Form
  3728 | D        | Learned a level 6 spell: Hydra Form
  3735 | D        | Learned a level 6 spell: Statue Form
  3986 | D        | Found Lionesiopaq's Distillery.
  3991 | D        | Noticed an orc high priest
  3992 | D        | Paralysed by an orc sorcerer for 7 turns
  4002 | D        | Reached skill level 19 in Unarmed Combat
  4002 | D        | Identified Sif Muna's Collected Works on Poison and Combat
                  | Magic (Sif Muna gifted it to you in the Dungeon)
  4002 | D        | Received a gift from Sif Muna
  4003 | D        | Noticed a soul eater
  4023 | D        | HP: 4/144 [orc high priest/nerve-wracking pain (14)]
  4024 | D        | Killed an orc high priest
  4041 | D        | HP: 4/97 [orc/+1 hand axe of electrocution (4)]
  4042 | D        | Demolished by an orc

Illustrated notes

Levels and vault maps discovered:
D:        linesprint [early_d, line_temple, items_1, d_10, items_2, lair_1,
          lair_end, items_3, orc_1, orc_end, items_4, d_15, swamp_1, shoals_1,
          snake_1, spider_1, d_20, vaults_1, items_5, swamp_end, shoals_end,
          snake_end, spider_end, vaults_end, d_27, items_6, zot_1, zot_end,
          crypt_end, forest_end, elf_end, slime_end, tomb_end, abyss_end,
          pan_hell_end]

Skill      XL: |  1  2  3  4  5  6  7  8  9 10 11 12 |
---------------+-------------------------------------+-----
Unarmed Combat | 4 6 7 8 11 13 14 17 18 19 | 19.3
Dodging        | 3 4 5 6 7 8 9 |  9.1
Stealth        | 1 2 3 4 5 6 7 9 |  9.2
Spellcasting   | 3 4 5 7 8 9 10 11 | 11.8
Transmutations | 3 4 6 7 8 9 11 | 11.3
Fighting       | 2 4 5 6 7 |  7.0
Ice Magic      | 2 3 4 6 |  6.6
Evocations     | 2 4 5 |  5.4
Poison Magic   | 1 |  1.1

Action                   |  1- 3 |  4- 6 |  7- 9 | 10-12 || total
-------------------------+-------+-------+-------+-------++-------
Melee: Unarmed           |    19 |    21 |    28 |   173 ||   241
       Kick              |     7 |       |       |       ||     7
       Constrict         |     3 |     1 |       |     4 ||     8
       Tentacles         |     2 |       |       |     4 ||     6
       Punch             |       |       |       |     2 ||     2
 Cast: Beastly Appendage |     2 |       |       |       ||     2
       Wereblood         |     1 |     2 |     1 |     6 ||    10
       Ice Form          |       |     2 |     1 |    13 ||    16
       Blade Hands       |       |       |       |     2 ||     2
Evoke: Wand              |       |       |     6 |     4 ||    10
  Use: Potion            |     1 |     2 |     4 |     7 ||    14
       Scroll            |       |       |       |     2 ||     2
 Stab: Sleeping          |     1 |       |       |     2 ||     3
Armor: Skin              |       |       |     5 |    14 ||    19
Dodge: Dodged            |     4 |    11 |    14 |    47 ||    76

Table legend: (Time is in decaauts)
 A = Elapsed time spent in this place.
 B = Non-inter-level travel time spent in this place.
 C = Inter-level travel time spent in this place.
 D = Time resting spent in this place.
 E = Time spent auto-exploring this place.
 F = Levels seen in this place.
 G = Mean time per level.
                   A        B        C        D        E       F      G
               +--------+--------+--------+--------+--------+-----+--------+
         Total |   3982 |   3982 |      0 |   1960 |    965 |   1 | 3982.0 |
       Dungeon |   3982 |   3982 |      0 |   1960 |    965 |   1 | 3982.0 |
               +--------+--------+--------+--------+--------+-----+--------+

Top non-repeatable levels by time:
       D: 3982 daAuts
